 Dungeon Crawl Stone Soup version 0.28-a0-1567-g1695149f81 (webtiles) character file.

Game seed: 15064140036946591422

60 tatocazan the Ducker (level 4, -2/34 HPs)
             Began as a Djinni Gladiator on Jan 19, 2022.
             Was an Initiate of Qazlal.
             Slain by an orc (4 damage)
             ... on level 2 of the Dungeon.
             The game lasted 00:03:02 (2213 turns).

tatocazan the Ducker (Djinni Gladiator)             Turns: 2213, Time: 00:03:02

Health: -2/34      AC:  5    Str: 13    XL:     4   Next: 24%
Gold:   99         EV: 13    Int: 12    God:    Qazlal [......] SH:  0 Dex: 14

rFire   + + .      SeeInvis .   a - +0 long sword
rCold   x . .      Faith    .   (no shield)
rNeg    . . .      Spirit   .   b - +0 leather armour
rPois   ∞          Reflect  .   c - +0 helmet
rElec   .          Harm     .   (no cloak)
rCorr   .          Rampage  .   g - +0 pair of gloves
Will    .....                   (boots unavailable)
Stlth   +.........              (no amulet)
HPRegen 0.11/turn               (no ring)
MPRegen 0.00/turn               (no ring)

@: flying
A: sickness immunity, fire resistance 2, cold vulnerability 1, float, innate
caster, hp casting, extra vitality 1
a: Renounce Religion


You were on level 2 of the Dungeon.
You worshipped Qazlal.
Qazlal was noncommittal.
You visited 1 branch of the dungeon, and saw 3 of its levels.

You collected 99 gold pieces.

Inventory:

Hand Weapons
 a - a +0 long sword (weapon)
Missiles
 d - 3 throwing nets (quivered)
Armour
 b - a +0 leather armour (worn)
 c - a +0 helmet (worn)
 g - a +0 pair of gloves (worn)
Wands
 e - a wand of paralysis (3)
Potions
 f - a potion of magic {unknown}
 h - a potion of curing {unknown}
 j - a potion of haste {unknown}
 m - a potion of brilliance {unknown}


   Skills:
 + Level 2.6 Fighting
 * Level 3.1 Long Blades
 - Level 2.0 Throwing
 + Level 0.3 Armour
 + Level 3.8 Dodging
 * Level 0.7 Invocations


You had 2 spell levels left.
You knew the following spells:

 Your Spells              Type           Power      Damage    Failure   Level
a - Magic Dart            Conj           0%         1d3       38%         1
Your spell library was empty.

Dungeon Overview and Level Annotations

Branches:
Dungeon (3/15)

Altars:
Qazlal
Xom


Innate Abilities, Weirdness & Mutations

You are immune to sickness and miasma.
You are immune to poison.
Your flesh is very heat resistant. (rF++)
You are vulnerable to cold. (rC-)
You float through the air rather than walking.
You learn spells naturally, not from books.
Your magical power is your life essence.
You have superior vitality. (+4 MHP)


Message History

The orc is severely wounded.
The orc hits you but does no damage.
You reach down and open the door.
The orc hits you with a +0 dagger.
You take 4 damage, and have 11/34 hp.
Found a robe.
There is an open door here.
You slash the orc!
You kill the orc!
Qazlal accepts your kill.
The orc suddenly complains.
You barely miss the orc. You hit the orc.
The orc is lightly wounded.
The orc closely misses you. x2
The orc closely misses you. The orc barely misses you.
The orc hits you with a +0 club.
* * * LOW HITPOINT WARNING * * *
You take 3 damage, and have 8/34 hp.
The orc barely misses you.
An orc comes into view. It is wielding a +0 club.
The orc shouts!
The orc hits you with a +0 club.
* * * LOW HITPOINT WARNING * * *
You take 4 damage, and have 4/34 hp.
You see here a dart slug corpse.
The orc barely misses you.
Things that are here:
a +0 war axe; a +0 scale mail; an orc corpse You see here a hobgoblin corpse.
There is a stone staircase leading up here.
The orc closely misses you.
You fly upwards.
There is a stone staircase leading down here.
You barely miss the orc. The orc hits you with a +0 hand axe.
* * * LOW HITPOINT WARNING * * *
You take 4 damage, and have 2/34 hp.
You hit the orc.
The orc is moderately wounded.
The orc hits you with a +0 hand axe.
You die...

## ##### #. #...# #. #...# #.
#...#################.
#...'@................
#...#.o...............
#...#.######...###....
############....######...###.##.
#...<.......##................#.
#...........##..############..#.
#...............................
##...######...<#################
#...# ######


You could see an orc.

Vanquished Creatures
  A gnoll (D:1)
  A worm (D:2)
  3 dart slugs
  4 orcs (D:3)
  3 endoplasms
  4 giant cockroaches
  2 goblins
  5 hobgoblins
  A quokka (D:3)
  2 bats
  3 frilled lizards
  3 kobolds
  2 rats
34 creatures vanquished.

Notes
Turn   | Place    | Note
-------+----------+-------------------------------------------
     0 | D:1      | tatocazan the Djinni Gladiator began the quest for the Orb.
     0 | D:1      | Reached XP level 1. HP: 18/18 MP: 0/0
   182 | D:1      | Reached XP level 2. HP: 11/23 MP: 0/0
   892 | D:2      | Reached XP level 3. HP: 23/29 MP: 0/0
   892 | D:2      | Learned a level 1 spell: Magic Dart
  1379 | D:2      | Found a stormy altar of Qazlal.
  1483 | D:2      | Became a worshipper of Qazlal Stormbringer
  1790 | D:2      | Found a faded altar of an unknown god.
  2015 | D:3      | Found a shimmering altar of Xom.
  2144 | D:3      | Reached XP level 4. HP: 34/34 MP: 0/0
  2213 | D:2      | Slain by an orc

Illustrated notes

Levels and vault maps discovered:
D:1:      lightli_arrival_lavapool, layout_basic
D:2:      kb_forest_paths, layout_basic,
          hellmonk_ecumenical_altar_leap_of_faith, basic_altar
D:3:      layout_basic, mainiacjoe_overflow_24_doors,
          pdpol_wu_jian_five_deadly_venoms

Skill      XL: |  1  2  3 |
---------------+----------+-----
Long Blades    | 3 |  3.1
Throwing       | 2 |  2.0
Fighting       | |  2.6
Armour         | |  0.3
Dodging        | |  3.8
Invocations    | |  0.7

Action                   |  1- 3 |  4- 6 || total
-------------------------+-------+-------++-------
Melee: Long sword        |    79 |    23 ||   102
       Punch             |     1 |       ||     1
 Cast: Magic Dart        |     2 |       ||     2
  Use: Scroll            |     6 |       ||     6
 Stab: Sleeping          |     1 |       ||     1
Armor: Leather armour    |    14 |    10 ||    24
Dodge: Dodged            |    54 |    15 ||    69

Table legend: (Time is in decaauts)
 A = Elapsed time spent in this place.
 B = Non-inter-level travel time spent in this place.
 C = Inter-level travel time spent in this place.
 D = Time resting spent in this place.
 E = Time spent auto-exploring this place.
 F = Levels seen in this place.
 G = Mean time per level.
                   A        B        C        D        E       F      G
               +--------+--------+--------+--------+--------+-----+--------+
         Total |   2238 |   2197 |     41 |    167 |   1654 |   3 |  746.0 |
       Dungeon |   2238 |   2197 |     41 |    167 |   1654 |   3 |  746.0 |
               +--------+--------+--------+--------+--------+-----+--------+

Top non-repeatable levels by time:
     D:2: 1220 daAuts
     D:1: 792 daAuts
     D:3: 225 daAuts
